[ PARTIDA AOE2 · #461903855 ]
UnrankedCoreanos vs Tupi
[ ANÁLISIS DE REPETICIÓN · EXTRAÍDO DE LA PARTIDA GRABADA ]
Feudal
8:51
Castillos
22:18
Imperial
—
| APM promedio | 67.8 |
| APM pico | 151 |
| eAPM promedio | 30.6 |
| Aldeanos / militares | 83 / 63 |
Foco
⚔️ 34.1% · 🌾 65.9%
Archer ×63
Feudal
10:57
Castillos
16:37
Imperial
—
| APM promedio | 40.1 |
| APM pico | 101 |
| eAPM promedio | 15.7 |
| Aldeanos / militares | 57 / 0 |
Foco
⚔️ 36.3% · 🌾 63.7%
Unknown (2579) ×42
Feudal
8:33
Castillos
20:48
Imperial
—
| APM promedio | 47.1 |
| APM pico | 86 |
| eAPM promedio | 22.8 |
| Aldeanos / militares | 89 / 55 |
Foco
⚔️ 25.8% · 🌾 74.2%
Knight ×39 · Scout Cavalry ×13 · Spearman ×3
Feudal
8:25
Castillos
21:13
Imperial
—
| APM promedio | 47.8 |
| APM pico | 91 |
| eAPM promedio | 18.0 |
| Aldeanos / militares | 58 / 105 |
Foco
⚔️ 54.8% · 🌾 45.2%
Archer ×100 · Cavalry Archer ×5
Feudal
8:51
Castillos
20:39
Imperial
—
| APM promedio | 63.9 |
| APM pico | 103 |
| eAPM promedio | 36.7 |
| Aldeanos / militares | 79 / 59 |
Foco
⚔️ 61.8% · 🌾 38.2%
Archer ×59
Feudal
7:22
Castillos
23:40
Imperial
—
| APM promedio | 39.7 |
| APM pico | 99 |
| eAPM promedio | 13.5 |
| Aldeanos / militares | 49 / 40 |
Foco
⚔️ 37.0% · 🌾 63.0%
Knight ×27 · Scout Cavalry ×13
Mapa de la partida
Recursos iniciales + cada clic de construcción. Líneas = muros · curvas = relieve. ◆ oro · ⬟ piedra · ● bayas · ✦ reliquia · ◌ hueco del cierre
Inputs por minuto
— Mooz - - [Astra] Morpheus
Build order — Mooz
Primeras 150 de 254 acciones detectadas
| 0:00 | Encolar | Villager (Male) |
| 0:01 | Encolar | Villager (Male) |
| 0:02 | Construir | House |
| 0:04 | Construir | House |
| 0:11 | Encolar | Villager (Male) |
| 0:11 | Encolar | Villager (Male) |
| 1:28 | Encolar | Villager (Male) |
| 1:57 | Construir | Lumber Camp |
| 2:00 | Encolar | Villager (Male) |
| 2:02 | Encolar | Villager (Male) |
| 2:02 | Encolar | Villager (Male) |
| 2:50 | Encolar | Villager (Male) |
| 3:11 | Encolar | Villager (Male) |
| 3:41 | Encolar | Villager (Male) |
| 3:42 | Encolar | Villager (Male) |
| 3:48 | Construir | House |
| 4:06 | Encolar | Villager (Male) |
| 4:07 | Encolar | Villager (Male) |
| 4:07 | Encolar | Villager (Male) |
| 4:25 | Encolar | Villager (Male) |
| 4:51 | Encolar | Villager (Male) |
| 4:51 | Encolar | Villager (Male) |
| 5:17 | Encolar | Villager (Male) |
| 5:28 | Construir | Mining Camp |
| 5:35 | Encolar | Villager (Male) |
| 5:35 | Investigar | Loom |
| 6:41 | Investigar | Feudal Age |
| 7:30 | Construir | Barracks |
| 8:28 | Construir | House |
| 8:32 | Encolar | Villager (Male) |
| 8:51 | Edad | Edad Feudal |
| 8:53 | Construir | Archery Range |
| 8:55 | Construir | Archery Range |
| 9:02 | Encolar | Villager (Male) |
| 9:11 | Construir | Palisade Wall |
| 9:11 | Construir | Palisade Wall |
| 9:17 | Construir | House |
| 9:17 | Construir | Palisade Wall |
| 9:23 | Construir | Palisade Wall |
| 9:28 | Encolar | Villager (Male) |
| 9:46 | Encolar | Archer |
| 9:47 | Encolar | Archer |
| 10:03 | Construir | Mill |
| 10:03 | Encolar | Villager (Male) |
| 10:04 | Encolar | Archer |
| 10:04 | Encolar | Archer |
| 10:24 | Encolar | Archer |
| 10:27 | Encolar | Villager (Male) |
| 10:35 | Construir | Palisade Wall |
| 10:54 | Encolar | Villager (Male) |
| 11:04 | Construir | Blacksmith |
| 11:05 | Construir | Palisade Wall |
| 11:07 | Encolar | Archer |
| 11:07 | Encolar | Archer |
| 11:19 | Encolar | Archer |
| 11:22 | Encolar | Villager (Male) |
| 11:27 | Construir | House |
| 11:31 | Construir | Palisade Wall |
| 11:33 | Construir | Palisade Wall |
| 11:34 | Construir | Palisade Wall |
| 11:39 | Construir | Palisade Wall |
| 11:57 | Encolar | Archer |
| 11:59 | Encolar | Villager (Male) |
| 12:26 | Investigar | Fletching |
| 12:26 | Investigar | Fletching |
| 12:45 | Encolar | Archer |
| 12:49 | Construir | Farm |
| 12:51 | Construir | Farm |
| 12:56 | Construir | Palisade Wall |
| 12:57 | Construir | Palisade Wall |
| 12:58 | Construir | Palisade Wall |
| 12:59 | Construir | Palisade Wall |
| 13:00 | Construir | Palisade Wall |
| 13:02 | Construir | Palisade Wall |
| 13:03 | Construir | Palisade Wall |
| 13:07 | Construir | Palisade Wall |
| 13:09 | Construir | Palisade Wall |
| 13:11 | Construir | Palisade Wall |
| 13:13 | Construir | Palisade Wall |
| 13:19 | Encolar | Archer |
| 13:19 | Encolar | Archer |
| 13:20 | Encolar | Villager (Male) |
| 13:23 | Construir | House |
| 13:25 | Construir | House |
| 13:37 | Encolar | Archer |
| 13:57 | Encolar | Villager (Male) |
| 14:02 | Construir | Palisade Wall |
| 14:07 | Encolar | Villager (Male) |
| 14:11 | Construir | Farm |
| 14:44 | Encolar | Villager (Male) |
| 14:50 | Construir | Farm |
| 14:54 | Construir | Market |
| 14:56 | Encolar | Archer |
| 14:56 | Encolar | Archer |
| 15:00 | Encolar | Archer |
| 15:01 | Encolar | Archer |
| 15:05 | Encolar | Villager (Male) |
| 15:08 | Construir | Farm |
| 15:19 | Encolar | Villager (Male) |
| 15:35 | Encolar | Archer |
| 15:35 | Encolar | Archer |
| 15:40 | Encolar | Archer |
| 15:41 | Encolar | Villager (Male) |
| 15:43 | Construir | Farm |
| 15:52 | Construir | House |
| 16:02 | Encolar | Villager (Male) |
| 16:06 | Construir | House |
| 16:08 | Construir | House |
| 16:25 | Construir | Palisade Wall |
| 16:27 | Construir | Palisade Wall |
| 16:30 | Encolar | Archer |
| 16:31 | Encolar | Archer |
| 16:33 | Encolar | Villager (Male) |
| 16:39 | Construir | Farm |
| 16:40 | Encolar | Villager (Male) |
| 16:46 | Encolar | Villager (Male) |
| 16:48 | Encolar | Archer |
| 16:48 | Encolar | Archer |
| 16:56 | Encolar | Villager (Male) |
| 17:12 | Encolar | Villager (Male) |
| 17:14 | Construir | Farm |
| 17:19 | Encolar | Villager (Male) |
| 17:29 | Encolar | Archer |
| 17:44 | Construir | House |
| 17:49 | Construir | Palisade Wall |
| 17:54 | Encolar | Villager (Male) |
| 17:55 | Encolar | Archer |
| 17:55 | Encolar | Archer |
| 18:08 | Encolar | Villager (Male) |
| 18:10 | Construir | Farm |
| 18:24 | Encolar | Archer |
| 18:24 | Encolar | Archer |
| 18:33 | Construir | Farm |
| 18:44 | Encolar | Villager (Male) |
| 18:55 | Construir | Farm |
| 18:55 | Encolar | Villager (Male) |
| 19:38 | Investigar | Castle Age |
| 19:38 | Investigar | Castle Age |
| 19:48 | Construir | Building 796 |
| 19:55 | Construir | Farm |
| 20:03 | Construir | House |
| 20:06 | Construir | Palisade Wall |
| 20:07 | Construir | Palisade Wall |
| 20:10 | Investigar | Double-Bit Axe |
| 20:11 | Encolar | Archer |
| 20:12 | Encolar | Archer |
| 20:31 | Construir | Mining Camp |
| 20:39 | Encolar | Archer |
| 20:40 | Encolar | Archer |
| 20:51 | Encolar | Villager (Male) |
Build order — [Astra] Morpheus
148 acciones detectadas en el replay
| 0:00 | Encolar | Villager (Male) |
| 0:00 | Encolar | Villager (Male) |
| 0:01 | Encolar | Villager (Male) |
| 0:02 | Construir | House |
| 0:03 | Construir | House |
| 0:04 | Encolar | Villager (Male) |
| 0:04 | Encolar | Villager (Male) |
| 1:03 | Encolar | Villager (Male) |
| 1:03 | Encolar | Villager (Male) |
| 1:35 | Encolar | Villager (Male) |
| 1:48 | Construir | Settlement |
| 2:21 | Encolar | Villager (Male) |
| 2:41 | Encolar | Villager (Male) |
| 3:03 | Encolar | Villager (Male) |
| 3:03 | Encolar | Villager (Male) |
| 3:17 | Encolar | Villager (Male) |
| 3:38 | Encolar | Villager (Male) |
| 3:38 | Encolar | Villager (Male) |
| 4:18 | Encolar | Villager (Male) |
| 4:18 | Encolar | Villager (Male) |
| 4:27 | Construir | Settlement |
| 4:34 | Encolar | Villager (Male) |
| 4:34 | Encolar | Villager (Male) |
| 4:42 | Construir | Settlement |
| 4:52 | Encolar | Villager (Male) |
| 4:53 | Encolar | Villager (Male) |
| 5:11 | Encolar | Villager (Male) |
| 5:14 | Encolar | Villager (Male) |
| 5:55 | Construir | Palisade Wall |
| 5:56 | Construir | Palisade Wall |
| 5:57 | Construir | Palisade Wall |
| 6:10 | Construir | Palisade Wall |
| 6:12 | Construir | Palisade Wall |
| 6:14 | Encolar | Villager (Male) |
| 7:00 | Encolar | Villager (Male) |
| 7:16 | Encolar | Villager (Male) |
| 7:56 | Encolar | Villager (Male) |
| 7:58 | Construir | Palisade Wall |
| 7:59 | Construir | Palisade Wall |
| 8:00 | Construir | Palisade Wall |
| 8:01 | Construir | Palisade Wall |
| 8:02 | Construir | Palisade Wall |
| 8:17 | Construir | Palisade Wall |
| 8:19 | Construir | Palisade Wall |
| 8:19 | Construir | Palisade Wall |
| 8:47 | Investigar | Feudal Age |
| 8:51 | Construir | Palisade Wall |
| 8:52 | Construir | Palisade Wall |
| 8:57 | Construir | Palisade Wall |
| 9:25 | Construir | Palisade Wall |
| 9:34 | Investigar | Loom |
| 10:12 | Construir | Palisade Wall |
| 10:57 | Edad | Edad Feudal |
| 10:59 | Construir | Market |
| 11:02 | Construir | Blacksmith |
| 13:13 | Construir | Farm |
| 13:17 | Construir | Farm |
| 13:19 | Construir | Farm |
| 13:22 | Construir | Farm |
| 13:33 | Construir | Farm |
| 13:57 | Investigar | Castle Age |
| 13:57 | Investigar | Castle Age |
| 14:01 | Construir | Farm |
| 14:02 | Construir | Farm |
| 15:09 | Construir | Farm |
| 15:12 | Investigar | Fletching |
| 15:54 | Construir | Farm |
| 16:37 | Edad | Edad de los Castillos |
| 16:42 | Construir | Castle |
| 16:46 | Construir | Settlement |
| 16:53 | Encolar | Villager (Male) |
| 17:17 | Encolar | Villager (Male) |
| 17:44 | Investigar | Bodkin Arrow |
| 17:58 | Encolar | Villager (Male) |
| 17:58 | Encolar | Villager (Male) |
| 18:24 | Encolar | Villager (Male) |
| 18:26 | Encolar | Unit 2579 |
| 18:26 | Encolar | Unit 2579 |
| 18:41 | Encolar | Unit 2579 |
| 18:48 | Encolar | Villager (Male) |
| 18:48 | Encolar | Villager (Male) |
| 19:28 | Encolar | Unit 2579 |
| 19:28 | Encolar | Unit 2579 |
| 19:29 | Encolar | Villager (Male) |
| 19:42 | Encolar | Unit 2579 |
| 19:43 | Encolar | Villager (Male) |
| 20:11 | Encolar | Unit 2579 |
| 20:11 | Encolar | Unit 2579 |
| 20:21 | Encolar | Villager (Male) |
| 20:33 | Encolar | Unit 2579 |
| 20:33 | Encolar | Unit 2579 |
| 20:36 | Encolar | Villager (Male) |
| 20:39 | Investigar | Padded Archer Armor |
| 20:58 | Encolar | Unit 2579 |
| 20:58 | Encolar | Unit 2579 |
| 20:58 | Encolar | Unit 2579 |
| 20:59 | Encolar | Villager (Male) |
| 20:59 | Encolar | Villager (Male) |
| 21:34 | Encolar | Villager (Male) |
| 21:35 | Encolar | Unit 2579 |
| 21:46 | Encolar | Unit 2579 |
| 21:46 | Encolar | Unit 2579 |
| 22:12 | Encolar | Unit 2579 |
| 22:12 | Encolar | Unit 2579 |
| 22:13 | Encolar | Villager (Male) |
| 22:55 | Encolar | Unit 2579 |
| 22:55 | Encolar | Unit 2579 |
| 23:01 | Encolar | Villager (Male) |
| 23:03 | Investigar | Leather Archer Armor |
| 23:08 | Encolar | Villager (Male) |
| 23:24 | Encolar | Villager (Male) |
| 23:45 | Construir | University |
| 23:49 | Encolar | Villager (Male) |
| 23:50 | Encolar | Unit 2579 |
| 23:50 | Encolar | Unit 2579 |
| 24:34 | Investigar | Ballistics |
| 24:49 | Encolar | Unit 2579 |
| 24:50 | Encolar | Unit 2579 |
| 24:57 | Encolar | Villager (Male) |
| 25:00 | Encolar | Villager (Male) |
| 25:00 | Encolar | Villager (Male) |
| 25:21 | Encolar | Villager (Male) |
| 26:09 | Encolar | Unit 2579 |
| 26:33 | Encolar | Unit 2579 |
| 26:34 | Encolar | Unit 2579 |
| 26:34 | Encolar | Unit 2579 |
| 26:35 | Encolar | Villager (Male) |
| 26:35 | Encolar | Villager (Male) |
| 26:35 | Encolar | Villager (Male) |
| 26:39 | Encolar | Unit 2579 |
| 26:39 | Encolar | Unit 2579 |
| 26:42 | Construir | Farm |
| 26:58 | Encolar | Unit 2579 |
| 26:59 | Encolar | Unit 2579 |
| 27:14 | Encolar | Unit 2579 |
| 27:14 | Encolar | Unit 2579 |
| 27:22 | Encolar | Unit 2579 |
| 27:22 | Encolar | Unit 2579 |
| 27:23 | Encolar | Villager (Male) |
| 27:33 | Encolar | Unit 2579 |
| 27:33 | Encolar | Unit 2579 |
| 28:06 | Encolar | Unit 2579 |
| 28:07 | Encolar | Unit 2579 |
| 28:08 | Encolar | Villager (Male) |
| 28:41 | Encolar | Unit 2579 |
| 28:42 | Encolar | Unit 2579 |
| 28:42 | Encolar | Villager (Male) |
| 28:43 | Encolar | Villager (Male) |
Build order — helicol
Primeras 150 de 253 acciones detectadas
| 0:01 | Encolar | Villager (Male) |
| 0:01 | Encolar | Villager (Male) |
| 0:02 | Construir | House |
| 0:03 | Construir | House |
| 0:10 | Encolar | Villager (Male) |
| 0:10 | Encolar | Villager (Male) |
| 1:25 | Encolar | Villager (Male) |
| 1:50 | Encolar | Villager (Male) |
| 1:54 | Construir | Lumber Camp |
| 2:17 | Encolar | Villager (Male) |
| 2:47 | Encolar | Villager (Male) |
| 3:08 | Encolar | Villager (Male) |
| 3:36 | Encolar | Villager (Male) |
| 3:56 | Construir | House |
| 3:58 | Construir | House |
| 4:07 | Encolar | Villager (Male) |
| 4:07 | Encolar | Villager (Male) |
| 4:44 | Encolar | Villager (Male) |
| 4:55 | Construir | Mill |
| 5:05 | Encolar | Villager (Male) |
| 5:08 | Encolar | Villager (Male) |
| 6:23 | Investigar | Feudal Age |
| 7:35 | Encolar | Villager (Male) |
| 7:45 | Construir | Barracks |
| 7:58 | Investigar | Loom |
| 8:15 | Encolar | Villager (Male) |
| 8:33 | Edad | Edad Feudal |
| 8:38 | Construir | Stable |
| 8:42 | Encolar | Villager (Male) |
| 9:17 | Investigar | Double-Bit Axe |
| 9:19 | Encolar | Scout Cavalry |
| 9:20 | Encolar | Scout Cavalry |
| 9:29 | Construir | Farm |
| 9:30 | Encolar | Villager (Male) |
| 9:38 | Construir | House |
| 9:50 | Encolar | Villager (Male) |
| 10:07 | Encolar | Scout Cavalry |
| 10:10 | Construir | House |
| 10:13 | Construir | Palisade Wall |
| 10:15 | Construir | House |
| 10:20 | Construir | Palisade Wall |
| 10:23 | Encolar | Villager (Male) |
| 10:29 | Encolar | Scout Cavalry |
| 10:30 | Encolar | Villager (Male) |
| 10:32 | Construir | Farm |
| 10:40 | Encolar | Spearman |
| 11:03 | Encolar | Scout Cavalry |
| 11:13 | Construir | Farm |
| 11:14 | Construir | Farm |
| 11:15 | Encolar | Villager (Male) |
| 11:35 | Construir | Farm |
| 11:36 | Encolar | Villager (Male) |
| 11:41 | Construir | House |
| 11:43 | Construir | Palisade Wall |
| 11:53 | Encolar | Villager (Male) |
| 11:58 | Construir | House |
| 12:01 | Construir | Palisade Wall |
| 12:02 | Encolar | Spearman |
| 12:18 | Construir | Farm |
| 12:19 | Construir | Farm |
| 12:34 | Encolar | Villager (Male) |
| 12:36 | Construir | Farm |
| 12:52 | Encolar | Villager (Male) |
| 12:54 | Construir | Farm |
| 12:55 | Encolar | Villager (Male) |
| 12:59 | Encolar | Spearman |
| 13:13 | Construir | Farm |
| 13:18 | Construir | Farm |
| 13:19 | Encolar | Villager (Male) |
| 13:28 | Construir | House |
| 13:30 | Construir | Palisade Wall |
| 13:50 | Construir | House |
| 13:52 | Construir | Palisade Wall |
| 14:10 | Encolar | Villager (Male) |
| 14:16 | Construir | Lumber Camp |
| 14:21 | Encolar | Villager (Male) |
| 14:41 | Construir | Mining Camp |
| 14:53 | Encolar | Villager (Male) |
| 15:05 | Encolar | Villager (Male) |
| 15:13 | Construir | Farm |
| 15:16 | Construir | Farm |
| 15:17 | Construir | Farm |
| 15:44 | Encolar | Villager (Male) |
| 15:53 | Construir | Farm |
| 15:55 | Construir | Farm |
| 16:00 | Encolar | Villager (Male) |
| 16:03 | Construir | Watch Tower |
| 16:16 | Encolar | Villager (Male) |
| 16:20 | Construir | Farm |
| 16:23 | Construir | Farm |
| 16:25 | Construir | Farm |
| 16:34 | Construir | Farm |
| 16:36 | Encolar | Villager (Male) |
| 17:05 | Encolar | Villager (Male) |
| 17:10 | Construir | Blacksmith |
| 17:25 | Encolar | Villager (Male) |
| 17:28 | Construir | Farm |
| 17:31 | Construir | Farm |
| 17:56 | Construir | Stable |
| 18:05 | Investigar | Castle Age |
| 18:41 | Encolar | Scout Cavalry |
| 18:44 | Encolar | Scout Cavalry |
| 18:55 | Investigar | Scale Barding Armor |
| 19:07 | Encolar | Scout Cavalry |
| 19:11 | Construir | House |
| 19:18 | Construir | Building 800 |
| 19:35 | Encolar | Scout Cavalry |
| 19:35 | Encolar | Scout Cavalry |
| 19:51 | Encolar | Scout Cavalry |
| 19:58 | Encolar | Villager (Male) |
| 20:02 | Investigar | Gold Mining |
| 20:04 | Encolar | Villager (Male) |
| 20:09 | Construir | Lumber Camp |
| 20:34 | Encolar | Scout Cavalry |
| 20:35 | Encolar | Scout Cavalry |
| 20:48 | Edad | Edad de los Castillos |
| 20:52 | Investigar | Light Cavalry (upgrade) |
| 21:00 | Encolar | Villager (Male) |
| 21:19 | Investigar | Chain Barding Armor |
| 21:40 | Encolar | Knight |
| 21:40 | Encolar | Knight |
| 21:45 | Encolar | Villager (Male) |
| 21:45 | Encolar | Villager (Male) |
| 22:02 | Encolar | Knight |
| 22:09 | Encolar | Villager (Male) |
| 22:09 | Encolar | Villager (Male) |
| 22:23 | Encolar | Knight |
| 22:46 | Encolar | Knight |
| 22:46 | Encolar | Knight |
| 22:47 | Encolar | Villager (Male) |
| 23:01 | Encolar | Knight |
| 23:06 | Encolar | Villager (Male) |
| 23:10 | Construir | Town Center |
| 23:20 | Encolar | Knight |
| 23:23 | Encolar | Villager (Male) |
| 23:47 | Encolar | Knight |
| 23:47 | Encolar | Knight |
| 23:52 | Investigar | Husbandry |
| 24:01 | Encolar | Villager (Male) |
| 24:14 | Encolar | Villager (Male) |
| 24:26 | Encolar | Villager (Male) |
| 24:27 | Encolar | Knight |
| 24:45 | Encolar | Knight |
| 24:45 | Encolar | Knight |
| 24:46 | Encolar | Villager (Male) |
| 24:48 | Construir | Market |
| 24:51 | Encolar | Villager (Male) |
| 24:52 | Construir | Farm |
| 24:55 | Construir | Farm |
| 24:56 | Construir | Farm |
Build order — grape micro
Primeras 150 de 167 acciones detectadas
| 0:15 | Investigar | Loom |
| 0:43 | Encolar | Villager (Male) |
| 0:44 | Encolar | Villager (Male) |
| 1:08 | Encolar | Villager (Male) |
| 1:09 | Encolar | Villager (Male) |
| 1:31 | Encolar | Villager (Male) |
| 1:31 | Encolar | Villager (Male) |
| 2:03 | Encolar | Villager (Male) |
| 2:10 | Construir | Lumber Camp |
| 2:18 | Encolar | Villager (Male) |
| 2:18 | Encolar | Villager (Male) |
| 2:46 | Encolar | Villager (Male) |
| 2:47 | Encolar | Villager (Male) |
| 3:07 | Encolar | Villager (Male) |
| 3:21 | Construir | House |
| 3:22 | Construir | House |
| 3:37 | Encolar | Villager (Male) |
| 3:38 | Encolar | Villager (Male) |
| 4:11 | Encolar | Villager (Male) |
| 4:17 | Encolar | Villager (Male) |
| 4:51 | Encolar | Villager (Male) |
| 5:15 | Construir | Mining Camp |
| 5:26 | Encolar | Villager (Male) |
| 6:15 | Investigar | Feudal Age |
| 6:16 | Investigar | Feudal Age |
| 7:21 | Construir | Barracks |
| 7:52 | Encolar | Villager (Male) |
| 7:52 | Encolar | Villager (Male) |
| 7:57 | Construir | House |
| 8:25 | Edad | Edad Feudal |
| 8:30 | Construir | Archery Range |
| 8:34 | Encolar | Villager (Male) |
| 9:04 | Construir | Mill |
| 9:06 | Encolar | Villager (Male) |
| 9:20 | Encolar | Archer |
| 9:42 | Construir | Archery Range |
| 9:48 | Encolar | Villager (Male) |
| 10:12 | Encolar | Villager (Male) |
| 10:19 | Encolar | Archer |
| 10:24 | Construir | House |
| 10:34 | Encolar | Archer |
| 10:34 | Encolar | Archer |
| 10:46 | Investigar | Double-Bit Axe |
| 10:49 | Encolar | Villager (Male) |
| 10:56 | Construir | Farm |
| 11:13 | Construir | House |
| 11:21 | Encolar | Archer |
| 11:24 | Construir | Farm |
| 11:26 | Encolar | Archer |
| 11:29 | Encolar | Villager (Male) |
| 11:38 | Construir | Farm |
| 11:48 | Construir | House |
| 11:56 | Encolar | Archer |
| 11:56 | Encolar | Archer |
| 11:57 | Encolar | Villager (Male) |
| 12:06 | Encolar | Archer |
| 12:21 | Encolar | Archer |
| 12:21 | Encolar | Archer |
| 12:22 | Encolar | Villager (Male) |
| 12:36 | Construir | House |
| 12:39 | Encolar | Villager (Male) |
| 12:45 | Encolar | Archer |
| 13:05 | Encolar | Villager (Male) |
| 13:13 | Construir | Blacksmith |
| 13:23 | Encolar | Villager (Male) |
| 13:29 | Construir | House |
| 13:50 | Encolar | Villager (Male) |
| 14:12 | Construir | Farm |
| 14:13 | Investigar | Fletching |
| 14:15 | Encolar | Archer |
| 14:15 | Encolar | Archer |
| 14:16 | Encolar | Archer |
| 14:17 | Encolar | Archer |
| 14:22 | Construir | House |
| 14:28 | Construir | House |
| 14:30 | Construir | House |
| 14:32 | Encolar | Archer |
| 14:32 | Encolar | Villager (Male) |
| 14:39 | Construir | Farm |
| 14:52 | Encolar | Archer |
| 14:58 | Construir | House |
| 15:00 | Construir | Palisade Wall |
| 15:02 | Construir | Palisade Wall |
| 15:13 | Encolar | Villager (Male) |
| 15:18 | Encolar | Villager (Male) |
| 15:37 | Encolar | Villager (Male) |
| 16:22 | Construir | House |
| 16:23 | Encolar | Archer |
| 16:23 | Encolar | Archer |
| 16:26 | Encolar | Archer |
| 16:32 | Construir | Palisade Wall |
| 16:36 | Construir | Palisade Wall |
| 16:39 | Encolar | Villager (Male) |
| 16:44 | Construir | Market |
| 16:49 | Encolar | Archer |
| 16:50 | Encolar | Villager (Male) |
| 17:06 | Construir | Lumber Camp |
| 17:36 | Encolar | Archer |
| 17:39 | Investigar | Padded Archer Armor |
| 17:49 | Encolar | Archer |
| 17:50 | Encolar | Archer |
| 18:33 | Investigar | Castle Age |
| 20:17 | Encolar | Villager (Male) |
| 20:21 | Encolar | Archer |
| 20:22 | Encolar | Archer |
| 20:25 | Construir | Archery Range |
| 20:26 | Construir | Archery Range |
| 20:28 | Construir | Archery Range |
| 20:32 | Encolar | Archer |
| 21:13 | Edad | Edad de los Castillos |
| 21:15 | Investigar | Bodkin Arrow |
| 21:21 | Investigar | Crossbowman (upgrade) |
| 21:23 | Construir | University |
| 21:33 | Encolar | Archer ×4 |
| 22:03 | Encolar | Villager (Male) |
| 22:05 | Encolar | Archer ×5 |
| 22:20 | Investigar | Ballistics |
| 22:24 | Encolar | Archer ×2 |
| 22:24 | Encolar | Villager (Male) |
| 22:44 | Encolar | Archer |
| 22:45 | Encolar | Villager (Male) |
| 22:49 | Encolar | Villager (Male) |
| 23:51 | Encolar | Villager (Male) |
| 24:06 | Encolar | Cavalry Archer ×5 |
| 24:06 | Encolar | Villager (Male) |
| 24:11 | Encolar | Archer |
| 24:17 | Encolar | Archer ×5 |
| 24:24 | Construir | Lumber Camp |
| 24:27 | Encolar | Archer ×5 |
| 24:28 | Encolar | Villager (Male) |
| 24:37 | Construir | Mining Camp |
| 24:45 | Encolar | Archer ×4 |
| 25:02 | Encolar | Archer ×2 |
| 25:02 | Encolar | Villager (Male) |
| 25:56 | Encolar | Archer ×5 |
| 26:15 | Encolar | Archer ×3 |
| 26:16 | Encolar | Villager (Male) |
| 26:16 | Encolar | Villager (Male) |
| 26:28 | Construir | House |
| 26:29 | Construir | House |
| 26:31 | Construir | House |
| 26:46 | Construir | House |
| 26:47 | Construir | House |
| 26:51 | Encolar | Archer ×5 |
| 26:57 | Construir | House |
| 27:21 | Encolar | Villager (Male) |
| 27:29 | Construir | House |
| 27:34 | Encolar | Archer |
| 27:34 | Encolar | Archer |
| 27:49 | Encolar | Villager (Male) |
Build order — [ARKP]Anthoxx
Primeras 150 de 226 acciones detectadas
| 0:01 | Investigar | Loom |
| 0:03 | Construir | House |
| 0:04 | Construir | House |
| 0:17 | Encolar | Villager (Male) |
| 0:17 | Encolar | Villager (Male) |
| 0:17 | Encolar | Villager (Male) |
| 1:27 | Encolar | Villager (Male) |
| 2:01 | Construir | Lumber Camp |
| 2:03 | Encolar | Villager (Male) |
| 2:27 | Encolar | Villager (Male) |
| 2:28 | Encolar | Villager (Male) |
| 3:07 | Construir | House |
| 3:15 | Encolar | Villager (Male) |
| 3:15 | Encolar | Villager (Male) |
| 3:43 | Encolar | Villager (Male) |
| 3:54 | Encolar | Villager (Male) |
| 3:55 | Encolar | Villager (Male) |
| 4:46 | Construir | Mining Camp |
| 4:57 | Encolar | Villager (Male) |
| 4:57 | Encolar | Villager (Male) |
| 4:57 | Encolar | Villager (Male) |
| 5:38 | Encolar | Villager (Male) |
| 5:39 | Encolar | Villager (Male) |
| 6:27 | Investigar | Feudal Age |
| 7:40 | Construir | Barracks |
| 8:19 | Construir | House |
| 8:47 | Encolar | Villager (Male) |
| 8:47 | Encolar | Villager (Male) |
| 8:47 | Encolar | Villager (Male) |
| 8:47 | Encolar | Villager (Male) |
| 8:51 | Edad | Edad Feudal |
| 8:52 | Construir | Archery Range |
| 8:55 | Construir | Archery Range |
| 9:15 | Construir | House |
| 9:49 | Construir | Blacksmith |
| 9:50 | Encolar | Archer |
| 9:54 | Encolar | Archer |
| 10:06 | Encolar | Archer |
| 10:06 | Encolar | Archer |
| 10:14 | Encolar | Villager (Male) |
| 10:14 | Encolar | Villager (Male) |
| 10:29 | Encolar | Archer |
| 10:29 | Encolar | Archer |
| 10:33 | Construir | House |
| 10:46 | Encolar | Villager (Male) |
| 11:15 | Construir | Mill |
| 11:30 | Investigar | Fletching |
| 11:30 | Investigar | Fletching |
| 11:35 | Encolar | Archer |
| 11:36 | Encolar | Archer |
| 11:44 | Construir | House |
| 11:48 | Encolar | Villager (Male) |
| 11:48 | Encolar | Villager (Male) |
| 12:11 | Encolar | Archer |
| 12:12 | Encolar | Archer |
| 12:27 | Encolar | Villager (Male) |
| 12:28 | Encolar | Archer |
| 12:41 | Encolar | Villager (Male) |
| 12:43 | Construir | Farm |
| 12:47 | Construir | Farm |
| 12:58 | Construir | Farm |
| 13:01 | Construir | House |
| 13:04 | Encolar | Villager (Male) |
| 13:19 | Encolar | Archer |
| 13:19 | Encolar | Archer |
| 13:20 | Encolar | Villager (Male) |
| 13:53 | Encolar | Archer |
| 13:53 | Encolar | Archer |
| 13:54 | Encolar | Villager (Male) |
| 14:01 | Construir | Farm |
| 14:04 | Construir | House |
| 14:23 | Encolar | Archer |
| 14:23 | Encolar | Villager (Male) |
| 14:53 | Encolar | Villager (Male) |
| 14:54 | Encolar | Archer |
| 14:54 | Encolar | Archer |
| 15:06 | Construir | House |
| 15:08 | Construir | Farm |
| 15:09 | Construir | Farm |
| 15:13 | Encolar | Villager (Male) |
| 15:51 | Encolar | Villager (Male) |
| 16:22 | Encolar | Villager (Male) |
| 16:23 | Encolar | Archer |
| 16:23 | Encolar | Archer |
| 16:25 | Construir | Farm |
| 16:25 | Construir | Farm |
| 16:40 | Encolar | Archer |
| 16:40 | Encolar | Archer |
| 16:41 | Encolar | Villager (Male) |
| 16:43 | Construir | Farm |
| 16:53 | Construir | House |
| 16:56 | Construir | Palisade Wall |
| 17:01 | Construir | Palisade Wall |
| 17:03 | Construir | Palisade Wall |
| 17:11 | Construir | Palisade Wall |
| 17:59 | Investigar | Castle Age |
| 18:01 | Encolar | Archer |
| 18:02 | Encolar | Archer |
| 19:44 | Encolar | Archer |
| 19:49 | Construir | House |
| 19:54 | Construir | House |
| 20:35 | Construir | Market |
| 20:38 | Investigar | Horse Collar |
| 20:39 | Edad | Edad de los Castillos |
| 20:42 | Investigar | Crossbowman (upgrade) |
| 21:06 | Investigar | Bodkin Arrow |
| 21:14 | Encolar | Villager (Male) |
| 21:22 | Construir | University |
| 21:32 | Encolar | Archer |
| 21:33 | Encolar | Archer |
| 21:47 | Encolar | Archer |
| 21:47 | Encolar | Archer |
| 21:56 | Encolar | Villager (Male) |
| 21:58 | Investigar | Heavy Plow |
| 22:01 | Investigar | Double-Bit Axe |
| 22:02 | Encolar | Villager (Male) |
| 22:27 | Encolar | Archer |
| 22:27 | Encolar | Archer |
| 22:33 | Investigar | Ballistics |
| 22:56 | Encolar | Archer |
| 22:56 | Encolar | Archer |
| 22:56 | Encolar | Villager (Male) |
| 22:57 | Encolar | Villager (Male) |
| 22:57 | Encolar | Villager (Male) |
| 23:02 | Construir | Lumber Camp |
| 23:12 | Encolar | Archer |
| 23:12 | Encolar | Archer |
| 23:44 | Investigar | Padded Archer Armor |
| 23:49 | Encolar | Archer |
| 23:49 | Encolar | Archer |
| 23:55 | Construir | House |
| 23:57 | Construir | House |
| 24:07 | Encolar | Archer |
| 24:07 | Encolar | Archer |
| 24:09 | Encolar | Villager (Male) |
| 24:09 | Encolar | Villager (Male) |
| 24:38 | Encolar | Archer |
| 24:39 | Encolar | Archer |
| 24:39 | Encolar | Villager (Male) |
| 24:43 | Construir | Town Center |
| 24:53 | Encolar | Villager (Male) |
| 24:53 | Encolar | Villager (Male) |
| 24:53 | Encolar | Villager (Male) |
| 25:18 | Encolar | Archer |
| 25:18 | Encolar | Archer |
| 25:36 | Encolar | Archer |
| 25:36 | Encolar | Archer |
| 26:12 | Construir | House |
| 26:18 | Construir | House |
| 26:18 | Construir | House |
Build order — the wandering gh0st
146 acciones detectadas en el replay
| 0:00 | Encolar | Villager (Male) |
| 0:01 | Encolar | Villager (Male) |
| 0:01 | Encolar | Villager (Male) |
| 0:02 | Encolar | Villager (Male) |
| 0:02 | Encolar | Villager (Male) |
| 0:03 | Construir | House |
| 0:05 | Construir | House |
| 1:23 | Encolar | Villager (Male) |
| 1:23 | Encolar | Villager (Male) |
| 2:00 | Encolar | Villager (Male) |
| 2:00 | Encolar | Villager (Male) |
| 2:09 | Construir | Lumber Camp |
| 2:16 | Encolar | Villager (Male) |
| 2:17 | Encolar | Villager (Male) |
| 2:35 | Encolar | Villager (Male) |
| 2:36 | Encolar | Villager (Male) |
| 3:02 | Encolar | Villager (Male) |
| 3:02 | Encolar | Villager (Male) |
| 3:02 | Encolar | Villager (Male) |
| 3:44 | Encolar | Villager (Male) |
| 3:44 | Encolar | Villager (Male) |
| 3:45 | Encolar | Villager (Male) |
| 3:45 | Encolar | Villager (Male) |
| 3:58 | Encolar | Villager (Male) |
| 3:59 | Investigar | Loom |
| 4:26 | Construir | Mill |
| 5:12 | Investigar | Feudal Age |
| 5:12 | Investigar | Feudal Age |
| 5:51 | Construir | House |
| 6:41 | Construir | Barracks |
| 7:22 | Edad | Edad Feudal |
| 7:28 | Construir | Stable |
| 7:29 | Encolar | Villager (Male) |
| 7:41 | Encolar | Villager (Male) |
| 8:01 | Encolar | Villager (Male) |
| 8:29 | Encolar | Scout Cavalry |
| 8:29 | Encolar | Scout Cavalry |
| 8:50 | Encolar | Villager (Male) |
| 8:50 | Encolar | Villager (Male) |
| 9:00 | Construir | Farm |
| 9:02 | Construir | House |
| 9:04 | Construir | House |
| 9:13 | Encolar | Villager (Male) |
| 9:14 | Encolar | Villager (Male) |
| 9:16 | Construir | Farm |
| 9:23 | Construir | Farm |
| 9:37 | Encolar | Villager (Male) |
| 9:58 | Construir | House |
| 10:06 | Encolar | Villager (Male) |
| 10:10 | Construir | Farm |
| 10:18 | Encolar | Villager (Male) |
| 10:48 | Encolar | Villager (Male) |
| 10:51 | Construir | Farm |
| 11:07 | Encolar | Scout Cavalry |
| 11:07 | Encolar | Scout Cavalry |
| 11:09 | Construir | Farm |
| 11:15 | Construir | Farm |
| 11:24 | Encolar | Villager (Male) |
| 11:26 | Investigar | Double-Bit Axe |
| 11:57 | Encolar | Villager (Male) |
| 11:57 | Encolar | Scout Cavalry |
| 12:16 | Encolar | Villager (Male) |
| 12:19 | Construir | Farm |
| 12:42 | Encolar | Villager (Male) |
| 12:43 | Encolar | Scout Cavalry |
| 12:48 | Construir | House |
| 12:50 | Construir | House |
| 13:22 | Encolar | Villager (Male) |
| 13:24 | Encolar | Scout Cavalry |
| 13:37 | Construir | House |
| 13:39 | Construir | Palisade Wall |
| 14:08 | Encolar | Scout Cavalry |
| 14:08 | Encolar | Scout Cavalry |
| 14:21 | Construir | House |
| 14:28 | Construir | Palisade Wall |
| 14:40 | Construir | House |
| 15:15 | Encolar | Villager (Male) |
| 15:16 | Encolar | Scout Cavalry |
| 15:20 | Construir | Farm |
| 15:51 | Construir | Blacksmith |
| 16:35 | Encolar | Scout Cavalry |
| 16:38 | Encolar | Villager (Male) |
| 16:40 | Encolar | Scout Cavalry |
| 16:41 | Encolar | Villager (Male) |
| 16:47 | Construir | Mining Camp |
| 16:59 | Construir | Farm |
| 17:13 | Encolar | Scout Cavalry |
| 17:36 | Encolar | Villager (Male) |
| 17:36 | Encolar | Villager (Male) |
| 17:44 | Construir | Farm |
| 17:45 | Construir | Farm |
| 17:50 | Encolar | Villager (Male) |
| 18:14 | Encolar | Villager (Male) |
| 18:15 | Encolar | Villager (Male) |
| 18:16 | Encolar | Villager (Male) |
| 18:57 | Construir | House |
| 19:06 | Construir | House |
| 19:10 | Construir | House |
| 19:28 | Construir | House |
| 19:35 | Encolar | Villager (Male) |
| 19:35 | Encolar | Villager (Male) |
| 19:35 | Encolar | Villager (Male) |
| 19:39 | Construir | Market |
| 20:13 | Construir | Farm |
| 20:33 | Construir | Farm |
| 20:36 | Construir | Farm |
| 20:37 | Construir | Farm |
| 21:00 | Investigar | Castle Age |
| 21:15 | Construir | Farm |
| 21:37 | Construir | Stable |
| 21:41 | Investigar | Scale Barding Armor |
| 22:07 | Construir | Palisade Wall |
| 22:25 | Investigar | Forging |
| 22:46 | Investigar | Bloodlines |
| 22:58 | Investigar | Horse Collar |
| 22:58 | Investigar | Horse Collar |
| 23:40 | Edad | Edad de los Castillos |
| 23:41 | Encolar | Knight |
| 23:41 | Encolar | Knight |
| 23:42 | Encolar | Knight |
| 23:46 | Encolar | Knight |
| 23:46 | Encolar | Knight |
| 24:12 | Encolar | Knight |
| 24:12 | Encolar | Knight |
| 24:21 | Construir | House |
| 24:26 | Encolar | Knight |
| 24:27 | Encolar | Knight |
| 24:53 | Encolar | Knight |
| 24:53 | Encolar | Knight |
| 25:04 | Construir | Farm |
| 25:05 | Encolar | Knight |
| 25:05 | Encolar | Knight |
| 25:23 | Encolar | Knight |
| 25:23 | Encolar | Knight |
| 25:54 | Encolar | Knight |
| 25:54 | Encolar | Knight |
| 26:29 | Encolar | Knight |
| 26:29 | Encolar | Knight |
| 26:48 | Encolar | Knight |
| 26:49 | Encolar | Knight |
| 27:24 | Encolar | Knight |
| 27:24 | Encolar | Knight |
| 28:00 | Encolar | Knight |
| 28:00 | Encolar | Knight |
| 28:03 | Encolar | Knight |
| 28:04 | Encolar | Knight |
Cronología de la partida
| 5:55 | [Astra] Morpheus · wall_segment Palisade Wall x1 |
| 5:56 | [Astra] Morpheus · wall_segment Palisade Wall x1 |
| 5:57 | [Astra] Morpheus · wall_segment Palisade Wall x1 |
| 6:10 | [Astra] Morpheus · wall_segment Palisade Wall x1 |
| 6:12 | [Astra] Morpheus · wall_segment Palisade Wall x1 |
| 6:41 | the wandering gh0st · first_building Barracks |
| 7:21 | grape micro · first_building Barracks |
| 7:22 | the wandering gh0st · age_up feudal |
| 7:28 | the wandering gh0st · first_building Stable |
| 7:30 | Mooz · first_building Barracks |
| 7:40 | [ARKP]Anthoxx · first_building Barracks |
| 7:45 | helicol · first_building Barracks |
| 7:58 | [Astra] Morpheus · wall_segment Palisade Wall x1 |
| 7:59 | [Astra] Morpheus · wall_segment Palisade Wall x1 |
| 8:00 | [Astra] Morpheus · wall_segment Palisade Wall x1 |
| 8:01 | [Astra] Morpheus · wall_segment Palisade Wall x1 |
| 8:02 | [Astra] Morpheus · wall_segment Palisade Wall x1 |
| 8:17 | [Astra] Morpheus · wall_segment Palisade Wall x1 |
| 8:19 | [Astra] Morpheus · wall_segment Palisade Wall x1 |
| 8:19 | [Astra] Morpheus · wall_segment Palisade Wall x1 |
| 8:25 | grape micro · age_up feudal |
| 8:30 | grape micro · first_building Archery Range |
| 8:33 | helicol · age_up feudal |
| 8:38 | helicol · first_building Stable |
| 8:51 | [Astra] Morpheus · wall_segment Palisade Wall x1 |
| 8:51 | [ARKP]Anthoxx · age_up feudal |
| 8:51 | Mooz · age_up feudal |
| 8:52 | [Astra] Morpheus · wall_segment Palisade Wall x1 |
| 8:52 | [ARKP]Anthoxx · first_building Archery Range |
| 8:53 | Mooz · first_building Archery Range |
| 8:57 | [Astra] Morpheus · wall_segment Palisade Wall x1 |
| 9:11 | Mooz · wall_segment Palisade Wall x1 |
| 9:11 | Mooz · wall_segment Palisade Wall x1 |
| 9:17 | Mooz · wall_segment Palisade Wall x1 |
| 9:23 | Mooz · wall_segment Palisade Wall x1 |
| 9:25 | [Astra] Morpheus · wall_segment Palisade Wall x1 |
| 10:12 | [Astra] Morpheus · wall_segment Palisade Wall x1 |
| 10:13 | helicol · wall_segment Palisade Wall x9 |
| 10:20 | helicol · wall_segment Palisade Wall x1 |
| 10:35 | Mooz · wall_segment Palisade Wall x1 |
| 10:57 | [Astra] Morpheus · age_up feudal |
| 11:05 | Mooz · wall_segment Palisade Wall x1 |
| 11:31 | Mooz · wall_segment Palisade Wall x1 |
| 11:33 | Mooz · wall_segment Palisade Wall x1 |
| 11:34 | Mooz · wall_segment Palisade Wall x1 |
| 11:39 | Mooz · wall_segment Palisade Wall x1 |
| 11:43 | helicol · wall_segment Palisade Wall x7 |
| 12:01 | helicol · wall_segment Palisade Wall x8 |
| 12:24 | [Astra] Morpheus · first_market_sell 100 stone |
| 12:56 | Mooz · wall_segment Palisade Wall x1 |
| 12:57 | Mooz · wall_segment Palisade Wall x1 |
| 12:58 | Mooz · wall_segment Palisade Wall x1 |
| 12:59 | Mooz · wall_segment Palisade Wall x1 |
| 13:00 | Mooz · wall_segment Palisade Wall x1 |
| 13:02 | Mooz · wall_segment Palisade Wall x1 |
| 13:03 | Mooz · wall_segment Palisade Wall x1 |
| 13:07 | Mooz · wall_segment Palisade Wall x1 |
| 13:09 | Mooz · wall_segment Palisade Wall x1 |
| 13:11 | Mooz · wall_segment Palisade Wall x1 |
| 13:13 | Mooz · wall_segment Palisade Wall x1 |
| 13:30 | helicol · wall_segment Palisade Wall x12 |
| 13:39 | the wandering gh0st · wall_segment Palisade Wall x1 |
| 13:52 | helicol · wall_segment Palisade Wall x13 |
| 14:02 | Mooz · wall_segment Palisade Wall x7 |
| 14:28 | the wandering gh0st · wall_segment Palisade Wall x1 |
| 15:00 | grape micro · wall_segment Palisade Wall x5 |
| 15:02 | grape micro · wall_segment Palisade Wall x8 |
| 16:25 | Mooz · wall_segment Palisade Wall x1 |
| 16:27 | Mooz · wall_segment Palisade Wall x1 |
| 16:32 | grape micro · wall_segment Palisade Wall x8 |
| 16:36 | grape micro · wall_segment Palisade Wall x14 |
| 16:37 | [Astra] Morpheus · age_up castle |
| 16:42 | [Astra] Morpheus · first_building Castle |
| 16:56 | [ARKP]Anthoxx · wall_segment Palisade Wall x1 |
| 17:01 | [ARKP]Anthoxx · wall_segment Palisade Wall x4 |
| 17:03 | [ARKP]Anthoxx · wall_segment Palisade Wall x1 |
| 17:11 | [ARKP]Anthoxx · wall_segment Palisade Wall x8 |
| 17:44 | grape micro · first_market_sell 500 stone |
| 17:44 | grape micro · first_market_buy 100 food |
| 17:49 | Mooz · wall_segment Palisade Wall x15 |
| 18:21 | Mooz · first_market_sell 100 stone |
| 19:16 | Mooz · first_market_buy 100 food |
| 20:06 | Mooz · wall_segment Palisade Wall x11 |
| 20:07 | Mooz · wall_segment Palisade Wall x1 |
| 20:39 | [ARKP]Anthoxx · age_up castle |
| 20:46 | the wandering gh0st · first_market_buy 100 food |
| 20:48 | helicol · age_up castle |
| 20:49 | the wandering gh0st · first_market_sell 100 stone |
| 21:13 | grape micro · age_up castle |
| 21:55 | [ARKP]Anthoxx · first_market_buy 100 food |
| 22:07 | the wandering gh0st · wall_segment Palisade Wall x1 |
| 22:18 | Mooz · age_up castle |
| 23:40 | the wandering gh0st · age_up castle |
| 24:33 | [Astra] Morpheus · first_market_buy 100 wood |
| 28:17 | the wandering gh0st · resign |
| 31:16 | helicol · first_market_sell 100 food |
| 31:33 | [ARKP]Anthoxx · first_building Monastery |
[ ANÁLISIS IA · 1 CRÉDITO ]
¿Qué pasó realmente en esta partida?
Wolo.gg analiza cada decisión: build order, eco, micro, errores típicos por bracket. Análisis personalizado por WhatsApp o Discord en 30 segundos.
Guía civ
Coreanos
Perfil
Mooz